 Dungeon Crawl Stone Soup version 0.30-a0-5-g3a90980b9d (webtiles) character file.

Game seed: 7569492416905378382

47280 Plasmagod the Eclecticist (level 14, -1/68 HPs)
             Began as a Deep Elf Conjurer on Aug 22, 2022.
             Was a High Priest of Vehumet.
             Shot with an arrow by Nessos (18 damage)
             ... on level 5 of the Lair of Beasts.
             The game lasted 01:36:45 (22179 turns).

Plasmagod the Eclecticist (Deep Elf Conjurer)      Turns: 22179, Time: 01:36:46

Health: -1/68      AC:  9    Str:  4    XL:     14   Next: 8%
Magic:  16/45      EV: 12    Int: 32    God:    Vehumet [*****.]
Gold:   927        SH:  0    Dex: 13    Spells: 3/45 levels left

rFire   + . .      SeeInvis .    r - staff of conjuration
rCold   . . .      Faith    .    (no shield)
rNeg    + . .      Spirit   .    S - +2 robe {rN+}
rPois   +          Reflect  .    c - +2 hat {Int+3}
rElec   +          Harm     .    e - scarf {+Inv}
rCorr   .          Rampage  .    R - +0 pair of gloves {Stlth+}
Will    +....                    s - +1 pair of boots
Stlth   +++.......               X - amulet "Zoettuti" {Acrobat rPois}
HPRegen 0.21/turn                N - ring of Wariness {rElec rF+}
MPRegen 0.29/turn                O - ring of magical power

@: brilliant, lethally poisoned (-1 -> -6), marked, radiating poison
A: no striking features
a: Renounce Religion, Evoke Invisibility


You were on level 5 of the Lair of Beasts.
You worshipped Vehumet.
Vehumet was extremely pleased with you.
You visited 2 branches of the dungeon, and saw 17 of its levels.
You also visited: Gauntlet.

You collected 927 gold pieces.

Inventory:

Hand Weapons
 p - the +8 whip of Exchange {drain, rPois Int+4}
   (You took it off a hobgoblin on level 3 of the Dungeon)

   A truly terrible weapon, it drains the life of any living foe it strikes.
   Int:       It affects your intelligence (+4).
   rPois:     It protects you from poison.
Missiles
 x - 2 throwing nets
Armour
 c - a +2 hat of intelligence (worn)
 e - a scarf of invisibility (worn)
 s - a +1 pair of boots (worn)
 R - a +0 pair of gloves of stealth (worn)
 S - a +2 robe of positive energy (worn)
Magical Staves
 r - a staff of conjuration (weapon)
 A - a staff of cold
Jewellery
 j - a ring of flight
 q - a ring of ice
 D - a ring of protection from fire
 K - a ring of see invisible
 N - the ring of Wariness (left hand) {rElec rF+}
   (You found it in a Gauntlet)

   [ring of protection from fire]

   rF:        It protects you from fire.
   rElec:     It insulates you from electricity.
 O - a ring of magical power (right hand)
 P - a ring of fire
 W - a ring of ice
 X - the amulet "Zoettuti" (around neck) {Acrobat rPois}
   (You acquired it on level 3 of the Lair of Beasts)

   [amulet of the acrobat]

   It increases your evasion while moving and waiting.
   rPois:     It protects you from poison.
Wands
 u - a wand of paralysis (25)
 z - a wand of iceblast (6)
 B - a wand of mindburst (34)
 J - a wand of light (28)
 L - a wand of polymorph (13)
 U - a wand of flame (20)
Scrolls
 a - a scroll of fear
 f - 4 scrolls of vulnerability
 h - 2 scrolls of enchant armour
 l - 2 scrolls of blinking
 o - 4 scrolls of poison
 y - 4 scrolls of teleportation
 E - a scroll of silence
 F - 3 scrolls of fog
 G - 2 scrolls of torment
 M - 2 scrolls of magic mapping
 Q - 7 scrolls of identify
 Y - a scroll of brand weapon {unknown}
 Z - a scroll of enchant weapon
Potions
 b - 4 potions of magic
 d - 3 potions of cancellation
 g - 3 potions of ambrosia
 i - 3 potions of might
 k - 6 potions of mutation
 m - 6 potions of curing
 n - 6 potions of attraction
 t - 2 potions of flight
 v - 2 potions of brilliance
 w - 3 potions of heal wounds
 C - 3 potions of lignification
 H - 3 potions of haste
 I - 3 potions of invisibility
Miscellaneous
 T - a phial of floods
 V - a box of beasts


   Skills:
 - Level 2.4 Dodging
 - Level 2.4 Stealth
 - Level 16.0 Spellcasting
 - Level 12.7 Conjurations
 - Level 8.0 Hexes
 - Level 8.0 Transmutations
 + Level 15.7 Fire Magic
 - Level 8.0 Poison Magic


You had 3 spell levels left.
You knew the following spells:

 Your Spells              Type           Power      Damage    Failure   Level
a - Magic Dart            Conj           100%       1d8       0%          1
b - Searing Ray           Conj           100%       2d8       0%          2
c - Fulminant Prism       Conj/Hex       59%        3d25      1%          4
d - Yara's Violent Unrav  Hex/Tmut       43%        3d17      1%          5
e - Iskenderun's Mystic   Conj/Tloc      99%        2d19      1%          4
f - Ignite Poison         Fire/Tmut/Pois 96%        N/A       1%          3
g - Olgreb's Toxic Radia  Pois           86%        N/A       1%          4
h - Eringya's Noxious Bo  Tmut/Pois      43%        N/A       2%          6
i - Fireball              Conj/Fire      66%        3d25      1%          5
j - Ignition              Fire           56%        3d15      4%          8

Your spell library contained the following spells:

 Spells                   Type           Power      Damage    Failure   Level
 Flame Wave               Conj/Fire      100%       2d21      1%          4
 Foxfire                  Conj/Fire      100%       2x1d9     0%          1
 Apportation              Tloc           76%        N/A       1%          1
 Beastly Appendage        Tmut           100%       N/A       1%          1
 Necrotise                Necr           100%       1d9       1%          1
 Shock                    Conj/Air       100%       1d9       1%          1
 Sting                    Tmut/Pois      100%       1d8       1%          1
 Summon Small Mammal      Summ           100%       N/A       1%          1
 Ensorcelled Hibernation  Hex/Ice        100%       N/A       1%          2
 Passwall                 Tmut/Erth      55%        N/A       1%          2
 Wereblood                Tmut           86%        N/A       1%          2
 Confusing Touch          Hex            86%        N/A       1%          3
 Dazzling Flash           Conj/Hex       100%       N/A       1%          3
 Inner Flame              Hex/Fire       100%       N/A       1%          3
 Sublimation of Blood     Necr           38%        N/A       2%          2
 Gell's Gravitas          Tloc           38%        N/A       4%          3
 Lesser Beckoning         Tloc           38%        N/A       4%          3
 Ozocubu's Armour         Ice            38%        N/A       4%          3
 Swiftness                Air            38%        N/A       4%          3
 Teleport Other           Tloc           38%        N/A       4%          3
 Cause Fear               Hex            43%        N/A       1%          4
 Alistair's Intoxication  Tmut/Pois      57%        N/A       1%          5
 Airstrike                Air            19%        2d(3-19)  4%          4
 Conjure Ball Lightning   Conj/Air       49%        3x3d17    5%          6
 Metabolic Englaciation   Hex/Ice        33%        N/A       9%          5
 Animate Dead             Necr           38%        N/A       16%         4
 Borgnjor's Vile Clutch   Necr/Erth      19%        N/A       41%         5
 Enfeeble                 Hex            43%        N/A       45%         7
 Death Channel            Necr           19%        N/A       94%         6
 Simulacrum               Ice/Necr       19%        N/A       94%         6
 Ozocubu's Refrigeration  Ice            19%        4d11      96%         7
 Discord                  Hex            43%        N/A       99%         8
 Summon Hydra             Summ           19%        N/A       100%        7
 Disjunction              Tloc           19%        N/A       100%        8


Dungeon Overview and Level Annotations

Branches:
Dungeon (12/15)            Temple (0/1) D:6            Lair (5/5) D:9
  Swamp (0/4) Lair:2       Spider (0/4) Lair:2        Slime (0/5) Lair:4
    Orc (0/2) D:10        Gauntlet (visited)

Altars:
Ashenzari
Gozag
Qazlal
Sif Muna
Trog
Vehumet
Wu Jian
Xom
Jiyva

Annotations:
D:5 2 runed translucent doors, BritishOli's ghost, novice DsFi
D:12 3 runed translucent doors, exclusion: 2 doors, fly's ghost, journeyman DgDe
Lair:4 Rupert
Lair:5 2 transporters, Nessos; capka3m's ghost, journeyman DgEE


Message History

Casting: Iskenderun's Mystic Blast (safe; 1% risk of failure)
Confirm with . or Enter, or press ? or * to list all spells.
You feel a surge of power!
You begin to radiate toxic energy.
Nessos is poisoned.
The yak is poisoned. x7; The yak looks even sicker. x3
You feel sick.
Nessos gestures wildly while chanting.
Nessos seems to speed up.
A polar bear comes into view.
A yak comes into view. x2
Casting: Olgreb's Toxic Radiance (safe; 1% risk of failure)
Confirm with . or Enter, or press ? or * to list all spells.
You feel a surge of power!
You ignite the poison in your surroundings!
The yak seems to burn from within!!!
You kill the yak!
Vehumet accepts your kill.
You feel your power returning.
The yak seems to burn from within!!
You kill the yak!
Vehumet accepts your kill.
You feel your power returning.
The yak seems to burn from within!!
The yak is almost dead.
The yak seems to burn from within!!
The yak is severely wounded.
The yak seems to burn from within!!
The yak is almost dead.
The yak seems to burn from within!!
The yak is severely wounded.
The yak seems to burn from within!!!
You kill the yak!
Vehumet accepts your kill.
You feel your power returning.
Nessos seems to burn from within.
Nessos is lightly wounded.
Nessos is poisoned.
The polar bear is poisoned.
The yak is poisoned. x4
You kill the yak!
Vehumet accepts your kill.
You feel your power returning.
The yak is poisoned.
You feel sick.
Nessos shoots an arrow.
The arrow hits you!
* * * LOW HITPOINT WARNING * * *
Nessos stands on their hind legs for a moment.
Nessos shoots an arrow.
The arrow hits you!!
You die...

##### ## #.#.##.#
##..##..# ..
####...##..#
....##..##.....#
#......@.......#
#......†....†..#
.....Y..†..##P.###
Y....Y.....###...#
..†Y....#.###...##
....†....## #...#
h.....c.. #..##
...Y.....#####..###...
......###............


You could see Nessos (fast, poisoned), a polar bear (poisoned) and 5 yaks.

Vanquished Creatures
  Gastronok (Lair:2)
  A minotaur (Gauntlet)
  Fannar (Lair:3)
  A boulder beetle (D:10)
  2 hydras (Lair:5)
  Erica (D:11)
  3 two-headed ogres
  Urug (Lair:3)
  Nergalle (Lair:3)
  Sonja (Lair:2)
  A large abomination (Gauntlet)
  3 skeletal warriors (D:11)
  2 bog bodies (Lair:2)
  A deep elf pyromancer (D:12)
  2 wolf spiders (Lair:5)
  6 elephants
  An ugly thing (D:12)
  A manticore (D:11)
  A guardian serpent (Lair:5)
  6 black mambas
  A torpor snail (Lair:1)
  13 cane toads
  2 minotaur zombies (Gauntlet)
  2 komodo dragons
  3 rime drakes
  2 trolls
  A queen bee (Gauntlet)
  2 polar bears
  2 hornets (Lair:5)
  9 dream sheep
  14 blink frogs
  2 raiju (Gauntlet)
  A jumping spider (Lair:2)
  2 shadows
  33 yaks
  A vampire (D:12)
  2 wraiths (D:11)
  13 wyverns
  4 basilisks
  A redback (Lair:5)
  2 steam dragons
  3 wargs (D:10)
  23 water moccasins
  4 acid dragons
  3 ice beasts
  3 sky beasts
  4 black bears (D:6)
  4 ogres
  2 orc warriors
  10 wolves
  A phantom (D:4)
  6 centaurs
  2 kobold brigands
  12 bullfrogs
  3 gnoll sergeants
  A necrophage (D:7)
  5 scorpions
  3 small abominations (Gauntlet)
  8 wights
  10 killer bees
  A howler monkey (D:9)
  An orc priest (D:4)
  4 hounds
  4 jellies
  A gnoll bouda (D:10)
  Terence (D:3)
  8 iguanas
  7 orc wizards
  Natasha (thrice) (D:2)
  7 hell rats (Lair:2)
  A lightning spire (Gauntlet)
  22 gnolls
  5 adders
  2 shadow imps
  2 white imps
  2 ufetubi (D:6)
  3 dart slugs
  2 worms
  28 orcs
  3 ball pythons
  A bat (D:2)
  6 endoplasms
  4 giant cockroaches
  9 goblins
  8 hobgoblins
  3 jackals (D:3)
  15 kobolds
  4 quokkas
  4 frilled lizards
  3 rats
  A butterfly (D:4)
421 creatures vanquished.

Vanquished Creatures (others)
  73 fulminant prisms
  36 fungi
  65 plants
174 creatures vanquished.

Grand Total: 595 creatures vanquished

Notes
Turn   | Place    | Note
-------+----------+-------------------------------------------
     0 | D:1      | Plasmagod the Deep Elf Conjurer began the quest for the
                  | Orb.
     0 | D:1      | Reached XP level 1. HP: 10/10 MP: 6/6
   215 | D:1      | Reached skill level 4 in Spellcasting
   215 | D:1      | Reached XP level 2. HP: 15/15 MP: 6/9
   938 | D:1      | Learned a level 2 spell: Searing Ray
  1338 | D:2      | Reached XP level 3. HP: 19/19 MP: 8/11
  1386 | D:2      | Found a faded altar of an unknown god.
  1486 | D:2      | Noticed Natasha
  1489 | D:2      | Killed Natasha
  1490 | D:2      | Reached skill level 5 in Spellcasting
  1577 | D:2      | Found a radiant altar of Vehumet.
  1582 | D:2      | Became a worshipper of Vehumet
  1844 | D:2      | Noticed Natasha
  1849 | D:2      | Killed Natasha
  1850 | D:2      | Reached skill level 6 in Spellcasting
  1850 | D:2      | Reached XP level 4. HP: 24/24 MP: 8/14
  1974 | D:2      | Noticed Natasha
  1979 | D:2      | Killed Natasha
  2159 | D:3      | Reached skill level 7 in Spellcasting
  2222 | D:3      | Reached XP level 5. HP: 28/28 MP: 9/16
  2292 | D:3      | Noticed Terence
  2298 | D:3      | Killed Terence
  2830 | D:3      | Identified the +8 whip of Exchange {drain, rPois Int+4}
  3567 | D:4      | Found a shimmering altar of Xom.
  3585 | D:4      | Reached skill level 8 in Spellcasting
  3698 | D:4      | Reached * piety under Vehumet
  3698 | D:4      | Offered knowledge of Freeze by Vehumet.
  3788 | D:4      | Noticed a phantom
  3792 | D:4      | Killed a phantom
  3793 | D:4      | Reached XP level 6. HP: 32/32 MP: 12/19
  3944 | D:4      | Reached skill level 9 in Spellcasting
  4519 | D:5      | Entered Level 5 of the Dungeon
  4541 | D:5      | Found a stormy altar of Qazlal.
  4541 | D:5      | Found a broken altar of Ashenzari.
  4679 | D:5      | Reached skill level 10 in Spellcasting
  4740 | D:5      | Learned a level 4 spell: Fulminant Prism
  4827 | D:5      | Noticed an ice beast
  4830 | D:5      | Reached XP level 7. HP: 36/36 MP: 17/22
  4846 | D:5      | Reached skill level 11 in Spellcasting
  5396 | D:5      | Reached skill level 12 in Spellcasting
  5517 | D:5      | Found a large runed translucent door.
  5518 | D:5      | Found a large runed translucent door.
  5518 | D:5      | Noticed BritishOli's ghost (novice DsFi)
  5572 | D:5      | Found a bloodstained altar of Trog.
  5578 | D:5      | Reached XP level 8. HP: 41/41 MP: 22/26
  5651 | D:5      | Reached skill level 13 in Spellcasting
  5800 | D:5      | Offered knowledge of Poisonous Vapours by Vehumet.
  6198 | D:6      | Reached skill level 1 in Hexes
  6220 | D:6      | Found a staircase to the Ecumenical Temple.
  6238 | D:6      | Reached ** piety under Vehumet
  6663 | D:6      | Reached skill level 5 in Hexes
  7039 | D:6      | Reached skill level 5 in Conjurations
  7039 | D:6      | Reached XP level 9. HP: 20/45 MP: 21/28
  7906 | D:7      | Identified the +7 quarterstaff of Conformity {drain, Str+2
                  | Int+4 Dex-3}
  8114 | D:7      | Identified a scroll of acquirement
  8114 | D:7      | Acquired a book of Misfortune
  8122 | D:7      | Learned a level 5 spell: Yara's Violent Unravelling
  8151 | D:6      | Learned a level 4 spell: Iskenderun's Mystic Blast
  8425 | D:7      | Found a shimmering blue altar of Sif Muna.
  8786 | D:7      | Acquired a staff of conjuration
  8856 | D:8      | Noticed a two-headed ogre
  8862 | D:8      | Killed a two-headed ogre
  8863 | D:8      | Reached skill level 10 in Conjurations
  8956 | D:8      | Offered knowledge of Static Discharge by Vehumet.
  8978 | D:8      | Reached XP level 10. HP: 50/50 MP: 23/29
  9244 | D:8      | Reached *** piety under Vehumet
 10809 | D:9      | Found a staircase to the Lair.
 10998 | D:10     | Entered Level 10 of the Dungeon
 11001 | D:10     | Offered knowledge of Ignite Poison by Vehumet.
 11009 | D:10     | Learned a level 3 spell: Ignite Poison
 11014 | D:10     | Learned a level 4 spell: Olgreb's Toxic Radiance
 11029 | D:10     | Reached skill level 1 in Transmutations
 11029 | D:10     | Reached skill level 1 in Fire Magic
 11029 | D:10     | Reached skill level 1 in Poison Magic
 11508 | D:10     | Found a staircase to the Orcish Mines.
 11596 | D:10     | Noticed a boulder beetle
 11601 | D:10     | Killed a boulder beetle
 11736 | D:10     | Found an ornate altar of the Wu Jian Council.
 11875 | D:10     | Reached XP level 11. HP: 54/54 MP: 25/30
 11880 | D:10     | Reached **** piety under Vehumet
 12255 | D:11     | Noticed Erica
 12264 | D:11     | Killed Erica
 12439 | D:11     | Reached skill level 5 in Fire Magic
 12767 | D:11     | Found an opulent altar of Gozag.
 12859 | D:11     | Noticed a skeletal warrior
 12859 | D:11     | Noticed a skeletal warrior
 12859 | D:11     | Noticed a skeletal warrior
 12869 | D:11     | Killed a skeletal warrior
 12869 | D:11     | Offered knowledge of Freezing Cloud by Vehumet.
 12874 | D:11     | Killed a skeletal warrior
 12881 | D:11     | Killed a skeletal warrior
 13329 | D:11     | Got An Introduction to Theurgy
 13494 | D:12     | Noticed a white ugly thing
 13499 | D:12     | Killed a white ugly thing
 13500 | D:12     | Reached skill level 10 in Fire Magic
 13580 | D:12     | Noticed a two-headed ogre
 13584 | D:12     | Killed a two-headed ogre
 13618 | D:12     | Found a runed translucent gate.
 13618 | D:12     | Found a runed translucent gate.
 13618 | D:12     | Found a runed translucent gate.
 13619 | D:12     | Noticed a 13-headed hydra
 13621 | D:12     | Noticed a 13-headed hydra
 13621 | D:12     | Noticed fly's ghost (journeyman DgDe)
 13643 | D:12     | Noticed a two-headed ogre
 13647 | D:12     | Killed a two-headed ogre
 13648 | D:12     | Reached XP level 12. HP: 47/59 MP: 26/31
 13674 | D:12     | Found a gate leading to a gauntlet.
 13684 | Gauntlet | Entered a Gauntlet
 13684 | Gauntlet | Found a transporter.
 13684 | Gauntlet | Found a transporter.
 13684 | Gauntlet | Found a transporter.
 13686 | Gauntlet | Found a transporter.
 13687 | Gauntlet | Found a transporter.
 13690 | Gauntlet | Found a transporter.
 13714 | Gauntlet | Found a transporter.
 13715 | Gauntlet | Found a transporter.
 13716 | Gauntlet | Found a transporter.
 13716 | Gauntlet | Found a transporter.
 13720 | Gauntlet | Found a runed translucent door.
 13720 | Gauntlet | Found a runed translucent door.
 13724 | Gauntlet | Found a transporter.
 13728 | Gauntlet | Found a transporter.
 14412 | Gauntlet | Identified the ring of Wariness {rElec rF+}
 14572 | Gauntlet | Noticed a minotaur
 14582 | Gauntlet | Killed a minotaur
 15014 | Gauntlet | Got the Almanac of the Noxious Glacier
 15074 | D:12     | Learned a level 6 spell: Eringya's Noxious Bog
 15159 | D:12     | Noticed a centaur warrior
 15457 | Lair:1   | Entered Level 1 of the Lair of Beasts
 15477 | Lair:1   | Reached skill level 5 in Transmutations
 15477 | Lair:1   | Reached skill level 5 in Poison Magic
 15877 | Lair:1   | Reached ***** piety under Vehumet
 16125 | Lair:1   | Offered knowledge of Fireball by Vehumet.
 16132 | Lair:1   | Learned a level 5 spell: Fireball
 16689 | Lair:2   | Noticed Gastronok
 16978 | Lair:2   | Noticed Sonja
 16980 | Lair:2   | Killed Sonja
 17085 | Lair:2   | Found a hole to the Spider Nest.
 17389 | Lair:2   | Reached XP level 13. HP: 63/63 MP: 17/32
 17786 | Lair:2   | Found a staircase to the Swamp.
 18392 | Lair:2   | Killed Gastronok
 18393 | Lair:2   | Reached skill level 14 in Spellcasting
 18645 | Lair:3   | Noticed Urug
 18650 | Lair:3   | Killed Urug
 18754 | Lair:3   | Noticed Fannar
 18759 | Lair:3   | Killed Fannar
 18764 | Lair:3   | Reached skill level 15 in Spellcasting
 18846 | Lair:3   | Noticed Nergalle
 18946 | Lair:3   | Killed Nergalle
 19291 | Lair:3   | Identified the +0 pair of gloves of Baldness {rElec Str+2}
 19813 | Lair:3   | Acquired the amulet "Zoettuti" {Acrobat rPois}
 20124 | Lair:4   | Reached skill level 16 in Spellcasting
 20337 | Lair:4   | Found a staircase to the Slime Pits.
 20337 | Lair:4   | Found a viscous altar of Jiyva.
 20618 | Lair:4   | Noticed Rupert
 20927 | Lair:5   | Entered Level 5 of the Lair of Beasts
 21642 | Lair:5   | Identified the +3 ring mail "Ysiuz" {rCorr}
 21750 | Lair:5   | Reached skill level 15 in Fire Magic
 21898 | Lair:5   | Found a transporter.
 21902 | Lair:5   | Found a transporter.
 21948 | Lair:5   | Offered knowledge of Flame Wave by Vehumet.
 21958 | Lair:5   | Learned a level 8 spell: Ignition
 21962 | Lair:5   | Reached XP level 14. HP: 68/68 MP: 28/36
 21972 | Lair:5   | Noticed capka3m's ghost (journeyman DgEE)
 22175 | Lair:5   | Noticed Nessos
 22179 | Lair:5   | Shot with an arrow by Nessos

Illustrated notes

Levels and vault maps discovered:
D:1:      saegor_arrival_simple_b, layout_basic
D:2:      layout_loops_ring, shapermc_ecumenical_altar_ellora, basic_altar,
          uniq_natasha
D:3:      layout_basic, uniq_terence
D:4:      layout_loops_ring, xom_butterflies,
          nicolae_concentric_dashed_squares_mild, minmay_vboxes
D:5:      layout_basic, mainiacjoe_overflow_alcove_2,
          gammafunk_temple_overflow_statue, serial_rivers,
          chequers_serial_rivers_large_a, chequers_serial_rivers_large_b,
          chequers_serial_rivers_micro_c, chequers_serial_rivers_small_3,
          ebering_ghost_disaster_area, minmay_door_square, minivault_23,
          kennysheep_dice
D:6:      minmay_bubble_buster, layout_basic, minmay_temple_entry_slanted
D:7:      layout_rooms, nicolae_sif_muna_little_library
D:8:      layout_rooms
D:9:      layout_layer_cave, lair_entry_dummy
D:10:     layout_irregular_city, nicolae_wu_jian_wuxing_cycle,
          nicolae_overflow_hidden_temple, minmay_orc_entry_guard_dogs,
          kennysheep_generic_room_9
D:11:     layout_roguey, grunt_gozag_breadcrumbs, uniq_erica
D:12:     minmay_chambers_of_sixes, layout_loops_ring,
          gammafunk_ghost_hydra_chop, gauntlet_entry_generic
Lair:1:   layout_long_grid
Lair:2:   layout_regular_city, skrybe_swamp_entry_bodies, spider_nest_entry_a,
          infiniplex_staircase_pool, grunt_megastairs_4, uniq_sonja,
          uniq_gastronok
Lair:3:   layout_regular_city, uniq_fannar, uniq_urug, uniq_nergalle
Lair:4:   layout_regular_city, nicolae_slime_entry_slimehenge,
          infiniplex_staircase_pool_2, uniq_rupert
Lair:5:   hangedman_lair_tendril_chambers, layout_layer_cave,
          gammafunk_ghost_hive, lemuel_fruit_tree, uniq_nessos

Skill      XL: |  1  2  3  4  5  6  7  8  9 10 11 12 13 |
---------------+----------------------------------------+-----
Spellcasting   | 4 6 7 8 10 12 13 16 | 16.0
Hexes          | 8 |  8.0
Conjurations   | 5 10 12 | 12.7
Transmutations | 3 4 8 |  8.0
Fire Magic     | 3 11 12 15 | 15.7
Poison Magic   | 3 4 8 |  8.0
Dodging        | |  2.4
Stealth        | |  2.4

Action                   |  1- 3 |  4- 6 |  7- 9 | 10-12 | 13-15 || total
-------------------------+-------+-------+-------+-------+-------++-------
Melee: Unarmed           |    11 |       |       |       |       ||    11
       Punch             |     1 |       |       |       |       ||     1
       Whip              |       |     1 |       |       |       ||     1
       Staff             |       |       |       |       |     3 ||     3
 Cast: Magic Dart        |    70 |    65 |    86 |    65 |    27 ||   313
       Searing Ray       |     2 |    20 |    49 |    46 |     5 ||   122
       Fulminant Prism   |       |       |    19 |    49 |     5 ||    73
       Iskenderun's Myst |       |       |     2 |    65 |    16 ||    83
       Olgreb's Toxic Ra |       |       |       |    39 |    26 ||    65
       Ignite Poison     |       |       |       |    57 |    43 ||   100
       Yara's Violent Un |       |       |       |     1 |     1 ||     2
       Fireball          |       |       |       |     5 |    67 ||    72
       Eringya's Noxious |       |       |       |     1 |     3 ||     4
  Use: Scroll            |       |       |    21 |     4 |     5 ||    30
       Potion            |       |       |       |     1 |     1 ||     2
Armor: Robe              |     2 |     1 |     9 |     7 |     4 ||    23
Dodge: Dodged            |    13 |     3 |    39 |    33 |     8 ||    96

Table legend: (Time is in decaauts)
 A = Elapsed time spent in this place.
 B = Non-inter-level travel time spent in this place.
 C = Inter-level travel time spent in this place.
 D = Time resting spent in this place.
 E = Time spent auto-exploring this place.
 F = Levels seen in this place.
 G = Mean time per level.
                   A        B        C        D        E       F      G
               +--------+--------+--------+--------+--------+-----+--------+
         Total |  22270 |  21729 |    541 |   3917 |  15035 |  18 | 1237.2 |
       Dungeon |  14322 |  13876 |    446 |   1431 |  10742 |  12 | 1193.5 |
          Lair |   6593 |   6499 |     94 |   1548 |   4141 |   5 | 1318.6 |
      Gauntlet |   1354 |   1354 |      0 |    938 |    151 |   1 | 1354.0 |
               +--------+--------+--------+--------+--------+-----+--------+

Top non-repeatable levels by time:
  Lair:2: 1948 daAuts
     D:5: 1637 daAuts
     D:6: 1622 daAuts
     D:9: 1578 daAuts
     D:3: 1419 daAuts
Gauntlet: 1354 daAuts
     D:1: 1279 daAuts
    D:10: 1275 daAuts
  Lair:3: 1256 daAuts
  Lair:5: 1255 daAuts
    D:11: 1136 daAuts
  Lair:4: 1103 daAuts
     D:4: 1034 daAuts
  Lair:1: 1031 daAuts
     D:7: 980 daAuts
